AoeStats
← Dru Peacock the Flacid

Arena

505484798Analyzed
3v3 RM · 23d ago on Sep 9, 2026· 47m 43s· 6 players
Game mode
Random Map
Map size
Normal (6 player)
Population
200
Speed
Normal
Resources
Standard
Victory
Conquest
Starting age
Dark Age
Ending age
Imperial Age
RankedLock teamsTeams togetherTeam positionsShared explorationLock speedFull tech treeHidden civsTurbo modeCheats
Victory
Defeat
🇩🇪 Franks · Germany
884
+15
🇩🇪 Khmer · Germany
882
+15
🇬🇧 Magyars · United Kingdom
841
+17
🇹🇷 Franks · Türkiye
887
-17
🇨🇳 Khmer · China
868
-16
🇹🇷 Bulgarians · Türkiye
825
-14
Ks1lence
2:33 Loom
10:23 Feudal Age
14:48 Castle Age
13:51 Double-Bit Axe
14:15 Horse Collar
15:29 Heavy Plow
25:50 Gold Mining
29:02 Imperial Age
26:35 Town Watch
27:26 Pikeman
29:36 Wheelbarrow
30:18 Bow Saw
31:13 Conscription
31:26 Heavy Scorpion
32:34 Light Cavalry
34:32 Hand Cart
33:47 Halberdier
35:38 Double Crossbow
39:58 Gold Shaft Mining
39:53 Hussar
41:15 Ballistics
40:51 Murder Holes
tosunpaşa
10:04 Feudal Age
16:18 Castle Age
33:11 Double-Bit Axe
39:57 Imperial Age
37:24 Loom
37:25 Town Watch
39:10 Wheelbarrow
39:18 Bow Saw
40:57 Hand Cart
40:43 Town Patrol
41:15 Husbandry
42:55 Chivalry
43:15 Conscription
42:55 Cavalier
44:40 #83
44:06 Cavalier
Nightman
5:30 Loom
12:03 Feudal Age
19:29 Castle Age
19:53 Padded Archer Armor
31:33 Double-Bit Axe
35:59 Bow Saw
40:15 Wheelbarrow
39:32 Horse Collar
39:50 Gold Mining
41:56 Hand Cart
46:34 Imperial Age
45:52 Gambesons
46:36 Scale Mail Armor
47:55 Chain Mail Armor
47:52 Forging
Armes Würstchen
5:44 Loom
7:51 Feudal Age
9:28 Double-Bit Axe
13:24 Fletching
13:29 Horse Collar
21:30 Castle Age
23:03 Bodkin Arrow
25:17 Gold Mining
25:18 Stone Mining
25:41 Bow Saw
25:18 Town Watch
28:46 Wheelbarrow
29:19 Town Patrol
29:25 Heavy Plow
32:44 Imperial Age
31:43 Ballistics
33:08 Hand Cart
32:54 Town Patrol
33:12 Hand Cart
32:57 Town Patrol
34:38 Chemistry
33:36 Heavy Scorpion
35:48 Double Crossbow
35:58 Siege Engineers
38:58 Scale Barding Armor
39:04 Forging
38:55 Bracer
41:05 Bloodlines
40:55 Husbandry
40:16 Light Cavalry
41:21 Chain Barding Armor
41:36 Iron Casting
43:58 Conscription
44:14 Hoardings
43:10 Sappers
44:21 Plate Barding Armor
44:46 Blast Furnace
43:13 Capped Ram
44:45 Murder Holes
45:01 Masonry
45:02 Fortified Wall
45:05 Masonry
44:45 Guard Tower
46:02 Caravan
46:32 Coinage
zauberkugel112
0:26 Loom
11:23 Feudal Age
13:04 Wheelbarrow
12:58 Double-Bit Axe
19:26 Castle Age
18:54 Forging
18:49 Scale Barding Armor
20:02 Gold Mining
21:08 Stone Mining
26:49 Hand Cart
26:50 Bow Saw
30:36 Gold Shaft Mining
34:40 Imperial Age
33:16 Husbandry
34:44 Scale Mail Armor
34:31 Arson
35:51 Cavalier
38:08 Chemistry
39:36 Conscription
39:49 #83
44:30 Chain Mail Armor
44:51 Iron Casting
44:36 Chain Barding Armor
47:20 Chivalry
Dru Peacock the Flacid
12:12 Feudal Age
10:29 Loom
17:22 Castle Age
15:29 Double-Bit Axe
15:27 Horse Collar
17:27 Gold Mining
17:49 Scale Barding Armor
17:32 Pikeman
22:45 Wheelbarrow
22:46 Stone Mining
25:18 Bow Saw
25:22 Fervor
29:34 Hand Cart
29:07 Town Watch
34:33 Imperial Age
32:01 Fletching
32:11 Padded Archer Armor
32:34 Corvinian Army
33:08 Bodkin Arrow
33:27 Bloodlines
33:28 Husbandry
34:04 Leather Archer Armor
34:21 Thumb Ring
37:04 Two-Man Saw
36:26 Town Patrol
37:16 Gold Shaft Mining
37:12 Parthian Tactics
36:08 Heavy Cavalry Archer
37:05 Bracer
37:59 Onager
41:53 Ring Archer Armor
42:10 Cavalier
46:13 Conscription
46:02 Recurve Bow
46:13 Elite Magyar Huszar
47:45 Ballistics
48:26 Chemistry
47:32 Siege Engineers
47:51 Heavy Plow
Connection lost

Rejoining the realm…

Still unreachable

The connection could not be restored.

Session expired

The server has moved on; the page needs a fresh start.